 Dungeon Crawl Stone Soup version 0.29-a0-870-g2c972031a6 (webtiles) character file.

Game seed: 13332066058310625392

10113 doricub5 the Warrior (level 11, -2/172 HPs)
             Began as a Minotaur Fighter on July 13, 2022.
             Was a High Priest of Okawaru.
             Slain by an orange demon (6 damage)
             ... led by Amaemon
             ... on level 2 of the Lair of Beasts on July 17, 2022.
             The game lasted 01:15:11 (12484 turns).

doricub5 the Warrior (Minotaur Fighter)            Turns: 12484, Time: 01:15:11

Health: -2/172     AC: 14    Str: 26    XL:     11   Next: 31%
Magic:  13/13      EV: 12    Int:  5    God:    Okawaru [*****.]
Gold:   384        SH:  4    Dex:  9    Spells: 10/10 levels left

rFire   . . .      SeeInvis .   E - +4 flail (holy)
rCold   . . .      Faith    .   c - +0 buckler
rNeg    + . .      Spirit   .   h - +0 chain mail
rPois   .          Reflect  .   (helmet restricted)
rElec   .          Harm     .   u - +2 cloak {Stlth+}
rCorr   .          Rampage  .   (no gloves)
Will    .....                   (no boots)
Stlth   ..........              (no amulet)
HPRegen 0.38/turn               n - ring of positive energy
MPRegen 0.13/turn               L - +4 ring of evasion

@: berserking, very quick
A: horns 2, retaliatory headbutt
a: Renounce Religion, Heroism, Finesse, Duel


You were on level 2 of the Lair of Beasts.
You worshipped Okawaru.
Okawaru was extremely pleased with you.
You visited 3 branches of the dungeon, and saw 11 of its levels.
You also visited: Sewer.

You collected 384 gold pieces.

Inventory:

Hand Weapons
 a - a +0 war axe
 B - a +0 battleaxe
 E - a +4 flail of holy wrath (weapon)
 F - a +0 hand axe of electrocution
 G - a +2 hand axe of freezing
Missiles
 p - 7 boomerangs (quivered)
 y - 6 javelins
Armour
 c - a +0 buckler (worn)
 h - a +0 chain mail (worn)
 u - a +2 cloak of stealth (worn)
Jewellery
 n - a ring of positive energy (left hand)
 L - a +4 ring of evasion (right hand)
Wands
 d - a wand of polymorph (2)
 m - a wand of mindburst (9)
 I - a wand of iceblast (2)
 K - a wand of quicksilver (4)
Scrolls
 e - a scroll of noise {unknown}
 f - 2 scrolls of silence {unknown}
 g - a scroll of poison {unknown}
 i - 6 scrolls of teleportation
 j - 2 scrolls of fear {unknown}
 o - 3 scrolls of magic mapping
 z - a scroll of torment {unknown}
 A - 2 scrolls of blinking {unknown}
 C - a scroll of amnesia {unknown}
 J - 2 scrolls of vulnerability {unknown}
Potions
 b - a potion of cancellation
 k - a potion of might
 l - 3 potions of curing
 q - a potion of resistance
 r - a potion of brilliance
 s - 2 potions of magic {unknown}
 t - 4 potions of flight
 v - 2 potions of attraction
 w - a potion of lignification
 D - a potion of berserk rage
 H - a potion of mutation {unknown}


   Skills:
 * Level 16.4 Fighting
 - Level 2.4(3.2) Axes
 + Level 3.2(3.6) Maces & Flails
 + Level 9.6 Armour
 - Level 3.6 Shields
 * Level 4.9 Invocations
 - Level 5.8 Evocations


You had 10 spell levels left.
You didn't know any spells.
Your spell library contained the following spells:

 Spells                   Type           Power      Damage    Failure   Level
 Apportation              Tloc           0%         N/A       98%         1
 Necrotise                Necr           0%         1d4       98%         1
 Poisonous Vapours        Pois/Air       0%         N/A       99%         2
 Conjure Flame            Conj/Fire      0%         6-21      100%        3
 Ignite Poison            Fire/Tmut/Pois 0%         N/A       100%        3
 Corpse Rot               Necr/Pois/Air  0%         N/A       100%        4
 Sticky Flame             Conj/Fire      0%         2d3       100%        4
 Summon Small Mammal      Summ           Unusable   N/A       N/A         1

Dungeon Overview and Level Annotations

Branches:
Dungeon (8/15)             Temple (1/1) D:5            Lair (2/6) D:8
  Sewer (visited)
  Swamp: Lair:2-3    Shoals: Lair:2-3     Snake: Lair:2-3    Spider: Lair:2-3

Altars:
Ashenzari
Cheibriados
Dithmenos
Elyvilon
Fedhas
Gozag
Hepliaklqana
Kikubaaqudgha
Makhleb
Nemelex Xobeh
Okawaru
Qazlal
Ru
Sif Muna
Trog
Uskayaw
Vehumet
Wu Jian
Yredelemnul
Zin
The Shining One

Shops:
D:3 [[((

Annotations:
D:6 2 runed translucent doors, chrisa4242's ghost, novice NaFi
Lair:2 exclusion: oklob plant


Innate Abilities, Weirdness & Mutations

You have a pair of horns on your head.
You reflexively headbutt those who attack you in melee.


Message History

You feel magically purged.
You feel a little less mighty now.
The sentinel's mark upon you fades away.
The orange demon barely misses you. Harold hits you with a +0 long sword.
* * * LOW HITPOINT WARNING * * *
Unknown command.
A red film seems to cover your vision as you go berserk!
You feel yourself moving faster!
You feel mighty!
The orange demon stings you but does no damage.
Harold hits you with a +0 long sword.
* * * LOW HITPOINT WARNING * * *
You barely miss Harold. You headbutt Harold!
Harold is heavily wounded.
You barely miss Harold.
Harold is heavily wounded.
The orange demon no longer looks unusually toxic.
Harold barely misses you. The orange demon stings you from afar!
* * * LOW HITPOINT WARNING * * *
Unknown command.
You hit Harold.
Harold is heavily wounded.
The orange demon stings you from afar.
* * * LOW HITPOINT WARNING * * *
Harold misses you. You furiously retaliate!
You headbutt Harold! You barely miss Harold.
Harold is severely wounded.
You block the orange demon's attack. Harold hits you with a +0 long sword!
* * * LOW HITPOINT WARNING * * *
You bludgeon Harold!! You headbutt Harold.
You kill Harold!
Okawaru is honoured by your kill. The orange demon stings you from afar.
* * * LOW HITPOINT WARNING * * *
Your Maces & Flails skill increases to level 3!
You barely miss the yak. The orange demon stings you from afar!
* * * LOW HITPOINT WARNING * * *
The yak gores you!
* * * LOW HITPOINT WARNING * * *
You closely miss the yak. The orange demon stings you from afar.
You die...

#......................<.....
#...####.#...##.###.###PP.#.#
##..############# #..######
#..#.# ##...# #....# #....#
#.P#.# ##..### # #.##.##
##..#.###.## #.....# #####
#.....†....+ #.##.####
#@#.####..#####..#
#.P.....####Y...#...## .#
##.....#...Y.4........# #
#..........l.....##..##
#........Y...........#
#........Y.....P.#.###
#..##...Y....####### ##
#..##.......##
#P##..........##


You could see an orange demon and a yak.

Vanquished Creatures
  Harold (Lair:2)
  2 hydras
  Amaemon (Lair:2)
  A black mamba (Lair:2)
  2 kobold demonologists (D:8)
  3 komodo dragons (Lair:2)
  3 blink frogs (Lair:1)
  2 wyverns
  14 yaks
  2 steam dragons
  5 water moccasins
  Pargi (Sewer)
  2 ice beasts
  2 ogres
  2 sky beasts
  2 centaurs
  2 kobold brigands
  2 bullfrogs (D:6)
  A gnoll sergeant (D:4)
  A necrophage (D:7)
  A scorpion (D:6)
  3 killer bees (D:8)
  Crazy Yiuf (D:3)
  5 hounds
  6 orc priests
  Jessica (D:3)
  Natasha (thrice) (D:2)
  2 iguanas
  3 orc wizards
  7 hell rats (Lair:1)
  Robin (D:2)
  7 gnolls
  10 adders
  A river rat (D:3)
  A shadow imp (D:5)
  2 white imps
  An ufetubus (D:5)
  5 worms
  2 dart slugs
  37 orcs
  4 bats
  6 endoplasms
  7 giant cockroaches
  15 goblins
  8 hobgoblins
  2 quokkas
  4 ball pythons
  4 frilled lizards
  20 kobolds
  8 rats
228 creatures vanquished.

Vanquished Creatures (others)
  A two-headed ogre (D:8)
  An orc (D:8)
  2 fungi (Lair:2)
  2 plants
6 creatures vanquished.

Grand Total: 234 creatures vanquished

Notes
Turn   | Place    | Note
-------+----------+-------------------------------------------
     0 | D:1      | doricub5 the Minotaur Fighter began the quest for the Orb.
     0 | D:1      | Reached XP level 1. HP: 19/19 MP: 0/0
   275 | D:1      | Reached skill level 4 in Fighting
   354 | D:1      | Reached XP level 2. HP: 28/28 MP: 1/1
  1133 | D:2      | Noticed Natasha
  1143 | D:2      | Noticed a crimson imp
  1143 | D:2      | Killed Natasha
  1144 | D:2      | Reached skill level 5 in Fighting
  1144 | D:2      | Reached XP level 3. HP: 30/36 MP: 2/2
  1152 | D:2      | Noticed Natasha
  1157 | D:2      | Killed Natasha
  1158 | D:2      | Reached skill level 6 in Fighting
  1158 | D:2      | Reached XP level 4. HP: 36/44 MP: 3/3
  1227 | D:2      | Found a white marble altar of Elyvilon.
  1400 | D:2      | Identified the +1 helmet of Jeuzxure {Str+4}
  1400 | D:2      | Noticed Robin
  1427 | D:2      | Killed Robin
  1598 | D:2      | Noticed Natasha
  1619 | D:2      | Killed Natasha
  1620 | D:2      | Reached skill level 7 in Fighting
  1620 | D:2      | Reached XP level 5. HP: 45/52 MP: 4/4
  1872 | D:3      | Found a runed translucent door.
  1873 | D:3      | Noticed Crazy Yiuf
  1893 | D:3      | Noticed Jessica
  1899 | D:3      | Killed Jessica
  1980 | D:3      | Found Qagriral's Weapon Shop.
  2029 | D:3      | Reached skill level 8 in Fighting
  2190 | D:3      | Reached XP level 6. HP: 55/61 MP: 5/5
  2193 | D:3      | Found a glowing drain.
  2197 | Sewer    | Entered a sewer
  2225 | Sewer    | Noticed Pargi
  2237 | Sewer    | Killed Pargi
  2458 | D:3      | Found Nehixoe's Weapon Emporium.
  2506 | D:3      | Found Mopaew's Antique Armour Emporium.
  2588 | D:3      | Reached skill level 9 in Fighting
  2645 | D:3      | Found Laon's Armour Shop.
  2883 | D:3      | Killed Crazy Yiuf
  3233 | D:4      | Found a glowing silver altar of Zin.
  3358 | D:4      | Reached XP level 7. HP: 48/70 MP: 6/6
  3585 | D:4      | Reached skill level 10 in Fighting
  4001 | D:5      | Entered Level 5 of the Dungeon
  4004 | D:5      | Found a snail-covered altar of Cheibriados.
  4320 | D:5      | Reached skill level 11 in Fighting
  4548 | D:5      | Found a staircase to the Ecumenical Temple.
  4554 | Temple   | Entered the Ecumenical Temple
  4575 | Temple   | Became a worshipper of Warmaster Okawaru
  4672 | D:5      | Reached XP level 8. HP: 65/82 MP: 7/7
  5062 | D:6      | Reached skill level 1 in Evocations
  5180 | D:5      | HP: 4/83 [poisoned by a kobold]
  5184 | D:5      | HP: 1/83 [poisoned by a kobold]
  5640 | D:5      | Reached skill level 12 in Fighting
  6018 | D:6      | Reached skill level 5 in Armour
  6332 | D:6      | Found a runed translucent door.
  6337 | D:6      | Noticed chrisa4242's ghost (novice NaFi)
  6474 | D:6      | Reached * piety under Okawaru
  6835 | D:6      | Found a runed translucent door.
  7077 | D:7      | Found a broken altar of Ashenzari.
  7078 | D:7      | Found a glowing golden altar of the Shining One.
  7078 | D:7      | Found an ornate altar of the Wu Jian Council.
  7079 | D:7      | Found a basalt altar of Yredelemnul.
  7134 | D:6      | Reached XP level 9. HP: 35/92 MP: 8/8
  7333 | D:7      | Reached skill level 13 in Fighting
  7519 | D:7      | Reached ** piety under Okawaru
  8471 | D:8      | Noticed a two-headed ogre
  8519 | D:8      | Killed a two-headed ogre
  8722 | D:8      | Found a staircase to the Lair.
  8845 | D:8      | Noticed a kobold demonologist
  8845 | D:8      | Noticed a kobold demonologist
  8863 | D:8      | Killed a kobold demonologist
  8869 | D:8      | Killed a kobold demonologist
  8870 | D:8      | Reached skill level 14 in Fighting
  9844 | Lair:1   | Entered Level 1 of the Lair of Beasts
 10029 | Lair:1   | Reached *** piety under Okawaru
 10033 | Lair:1   | Reached skill level 5 in Evocations
 10033 | Lair:1   | Reached XP level 10. HP: 104/104 MP: 7/9
 10735 | Lair:1   | Reached skill level 15 in Fighting
 10736 | Lair:1   | Reached **** piety under Okawaru
 10988 | Lair:1   | Noticed an eight-headed hydra
 11000 | Lair:1   | Killed an eight-headed hydra
 11437 | Lair:1   | Upgraded the game from 0.29-a0-834-g1e95ca9f62 to
                  | 0.29-a0-870-g2c972031a6
 11442 | Lair:2   | Noticed an oklob plant
 11448 | Lair:2   | Noticed a five-headed hydra
 11457 | Lair:2   | Killed a five-headed hydra
 11957 | Lair:2   | Reached skill level 1 in Maces & Flails
 12268 | Lair:2   | Reached ***** piety under Okawaru
 12402 | Lair:2   | Noticed a black mamba
 12406 | Lair:2   | Killed a black mamba
 12407 | Lair:2   | Reached skill level 16 in Fighting
 12407 | Lair:2   | Reached XP level 11. HP: 112/114 MP: 12/12
 12460 | Lair:2   | Noticed Amaemon
 12467 | Lair:2   | Received a gift from Okawaru
 12468 | Lair:2   | Noticed Harold
 12472 | Lair:2   | Killed Amaemon
 12482 | Lair:2   | Killed Harold
 12483 | Lair:2   | HP: 4/172 [yak (7)]
 12484 | Lair:2   | Slain by an orange demon

Illustrated notes

Levels and vault maps discovered:
D:1:      eino_arrival_cavern_b, layout_basic
D:2:      layout_basic, basic_altar, kennysheep_generic_room_9, uniq_robin,
          uniq_natasha
D:3:      layout_loops_ring, gup_sewer_entry_spiral, serial_shops,
          nicolae_shop_behind_doors, nicolae_shop_overgrown_old_shop, shop,
          shop, nrook_loot_triangle, uniq_crazy_yiuf_cottage, uniq_jessica
D:4:      layout_loops_ring, zin_academy
D:5:      layout_basic, kennysheep_slug_shrine, minmay_temple_entry_arrows,
          minmay_diced_spiral
D:6:      layout_layer_cave, ebering_ghost_sewer_f
D:7:      layout_basic, chequers_temple_overflow_statue_of_worship
D:8:      layout_gridville, lair_entry_dummy, st_stairs_11
Temple:   hellmonk_temple_of_storms
Lair:1:   layout_hall_layers
Lair:2:   layout_loops_ring, minmay_shoals_entry_hut,
          chequers_serial_rivers_room_b, grunt_megastairs_2,
          serial_bayou_shore_b, uniq_harold, uniq_amaemon

Skill      XL: |  1  2  3  4  5  6  7  8  9 10 11 |
---------------+----------------------------------+-----
Fighting       | 4 5 6 7 8 9 11 12 14 16 | 16.4
Armour         | 5 7 9 |  9.6
Evocations     | 3 5 |  5.8
Invocations    | 3 4 |  4.9
Maces & Flails | 1 3 |  3.2
Axes           | |  2.4
Shields        | |  3.6

Action                   |  1- 3 |  4- 6 |  7- 9 | 10-12 || total
-------------------------+-------+-------+-------+-------++-------
Melee: War axe           |    48 |   169 |   137 |       ||   354
       Headbutt          |     6 |    17 |    42 |    30 ||    95
       Flail             |       |       |   134 |   147 ||   281
Throw: Stone             |       |       |     4 |       ||     4
       Boomerang         |       |       |       |     1 ||     1
Invok: Heroism           |       |       |     1 |     4 ||     5
Evoke: Wand              |       |       |       |     7 ||     7
  Use: Scroll            |       |     2 |    11 |       ||    13
       Potion            |       |     1 |     1 |     9 ||    11
Armor: Scale mail        |    13 |       |       |       ||    13
       Chain mail        |    11 |   106 |   239 |    66 ||   422
       Skin              |       |       |       |    11 ||    11
Dodge: Dodged            |    15 |    63 |   131 |    61 ||   270
Block: Buckler           |    10 |    47 |    92 |    28 ||   177

Table legend: (Time is in decaauts)
 A = Elapsed time spent in this place.
 B = Non-inter-level travel time spent in this place.
 C = Inter-level travel time spent in this place.
 D = Time resting spent in this place.
 E = Time spent auto-exploring this place.
 F = Levels seen in this place.
 G = Mean time per level.
                   A        B        C        D        E       F      G
               +--------+--------+--------+--------+--------+-----+--------+
         Total |  12781 |  12781 |      0 |    173 |   8178 |  12 | 1065.1 |
       Dungeon |   9850 |   9850 |      0 |      0 |   6653 |   8 | 1231.2 |
        Temple |     46 |     46 |      0 |      0 |      0 |   1 |   46.0 |
          Lair |   2681 |   2681 |      0 |    173 |   1525 |   2 | 1340.5 |
         Sewer |    203 |    203 |      0 |      0 |      0 |   1 |  203.0 |
               +--------+--------+--------+--------+--------+-----+--------+

Top non-repeatable levels by time:
     D:8: 1793 daAuts
     D:6: 1755 daAuts
  Lair:1: 1615 daAuts
     D:5: 1359 daAuts
     D:1: 1150 daAuts
     D:4: 1130 daAuts
     D:3: 1109 daAuts
  Lair:2: 1066 daAuts
     D:7: 809 daAuts
     D:2: 743 daAuts
   Sewer: 203 daAuts
  Temple: 46 daAuts
